 Dungeon Crawl Stone Soup version 0.29.1-12-g30fa7ad0bf (webtiles) character file.

Game seed: 4860360084890640192

729 mampy3000 the Chopper (level 7, -4/61 HPs)
             Began as a Minotaur Berserker on Dec 29, 2022.
             Was a Priest of Trog.
             Slain by Prince Ribbit (10 damage)
             ... on level 5 of the Dungeon.
             The game lasted 00:11:17 (5834 turns).

mampy3000 the Chopper (Minotaur Berserker)          Turns: 5834, Time: 00:11:17

Health: -4/61      AC:  8    Str: 24    XL:     7   Next: 44%
Magic:  0/6        EV:  9    Int:  4    God:    Trog [***...]
Gold:   362        SH:  7    Dex:  9    Spells: 6/6 levels left

rFire   x . .      SeeInvis .   a - +0 hand axe
rCold   + . .      Faith    .   d - +0 kite shield
rNeg    . . .      Spirit   +   y - +0 scale mail
rPois   .          Reflect  .   (helmet restricted)
rElec   .          Harm     .   h - +0 cloak
rCorr   .          Rampage  .   (no gloves)
Will    .....                   (no boots)
Stlth   ..........              g - amulet of guardian spirit
HPRegen 0.20/turn               x - ring of ice
MPRegen 0.10/turn               (no ring)

@: on berserk cooldown, slowed, very slow
A: horns 2, retaliatory headbutt
a: Renounce Religion, Berserk, Trog's Hand


You were on level 5 of the Dungeon.
You worshipped Trog.
Trog was most pleased with you.
You visited 1 branch of the dungeon, and saw 5 of its levels.

You collected 362 gold pieces.

Inventory:

Hand Weapons
 a - a +0 hand axe (weapon)
Armour
 d - a +0 kite shield (worn)
 h - a +0 cloak (worn)
 y - a +0 scale mail (worn)
Jewellery
 g - an amulet of guardian spirit (around neck)
 x - a ring of ice (left hand)
Wands
 b - a wand of polymorph (7)
 s - a wand of roots (2)
 z - a wand of charming (6)
Scrolls
 c - 2 scrolls of immolation
 i - a scroll of poison {unknown}
 j - a scroll of fear {unknown}
 k - a scroll of noise {unknown}
 r - 2 scrolls of vulnerability {unknown}
 t - 2 scrolls of identify
 v - a scroll of teleportation {unknown}
 w - a scroll of fog {unknown}
Potions
 e - 2 potions of might
 f - a potion of lignification {unknown}
 l - 2 potions of invisibility {unknown}
 m - 2 potions of curing {unknown}
 n - 3 potions of flight
 o - 2 potions of heal wounds {unknown}
 p - a potion of haste {unknown}
 q - a potion of cancellation {unknown}
 u - 2 potions of magic {unknown}


   Skills:
 + Level 5.4 Fighting
 + Level 7.0 Axes
 + Level 5.4 Armour
 + Level 3.3 Dodging
 + Level 0.5 Stealth
 + Level 2.8 Shields


You had 6 spell levels left.
You didn't know any spells.
Your spell library was empty.

Dungeon Overview and Level Annotations

Branches:
Dungeon (5/15)
 Temple: D:4-7

Altars:
Hepliaklqana
Wu Jian

Annotations:
D:5 Prince Ribbit


Innate Abilities, Weirdness & Mutations

You have a pair of horns on your head.
You reflexively headbutt those who attack you in melee.


Message History

* * * LOW HITPOINT WARNING * * *
Prince Ribbit hits you!
* * * LOW HITPOINT WARNING * * *
Prince Ribbit barely misses you. You furiously retaliate!
You headbutt Prince Ribbit.
Prince Ribbit blinks!
As you read the scroll of identify, it crumbles to dust.
e - 2 potions of might Prince Ribbit catches a mouse with his tongue.
Your skin crawls.
You feel strong-willed. Prince Ribbit completely misses you.
You hit Prince Ribbit but do no damage. Your headbutt misses Prince Ribbit.
Prince Ribbit is severely wounded.
Prince Ribbit blinks! x2
Prince Ribbit hits you!
* * * LOW HITPOINT WARNING * * *
Prince Ribbit blinks! x2
Prince Ribbit hops awkwardly around.
Prince Ribbit hits you.
* * * LOW HITPOINT WARNING * * *
You block Prince Ribbit's attack.
You hit Prince Ribbit.
Prince Ribbit is severely wounded.
You feel the effects of Trog's Hand fading.
Prince Ribbit blinks!
Prince Ribbit hits you!
* * * LOW HITPOINT WARNING * * *
Prince Ribbit hits you. You block Prince Ribbit's attack.
Prince Ribbit hits you!
* * * LOW HITPOINT WARNING * * *
You barely miss Prince Ribbit.
Prince Ribbit is severely wounded.
Your skin stops crawling.
You feel less strong-willed.
Prince Ribbit hits you but does no damage.
You block Prince Ribbit's attack.
You hit Prince Ribbit. Your headbutt misses Prince Ribbit.
Prince Ribbit is almost dead.
Prince Ribbit barely misses you. Prince Ribbit hits you!
You die...

....#.##### #........#
#........# #........# #####
#.......# #...###.......#
#............####
##...#..........##
###....F@...##..#########
###...................#
#########.......##...........
#.......######.?##..........#
#.......# ##.....##.#...#
#....†..# #####........##
#.......##########........†.)
#........<..#...#....##.#....
#<.....<###........####.#....


You could see Prince Ribbit.

Vanquished Creatures
  A water moccasin (D:5)
  An ice beast (D:5)
  A kobold brigand (D:4)
  2 hounds
  An iguana (D:5)
  8 gnolls (D:4)
  4 adders
  3 worms
  4 dart slugs
  2 orcs
  6 ball pythons
  6 endoplasms
  2 giant cockroaches (D:2)
  27 goblins
  31 hobgoblins
  4 jackals (D:2)
  11 kobolds
  3 quokkas
  2 bats
  5 frilled lizards
  3 rats
127 creatures vanquished.

Vanquished Creatures (collateral kills)
  An ogre (D:5)
  A jelly (D:5)
2 creatures vanquished.

Grand Total: 129 creatures vanquished

Notes
Turn   | Place    | Note
-------+----------+-------------------------------------------
     0 | D:1      | mampy3000 the Minotaur Berserker began the quest for the
                  | Orb.
     0 | D:1      | Reached XP level 1. HP: 19/19 MP: 0/0
   330 | D:1      | Reached XP level 2. HP: 17/27 MP: 1/1
   517 | D:1      | Found a faded altar of an unknown god.
   519 | D:1      | Reached skill level 4 in Axes
  1495 | D:2      | Reached XP level 3. HP: 29/33 MP: 2/2
  1903 | D:2      | Reached ** piety under Trog
  2282 | D:2      | Reached XP level 4. HP: 32/41 MP: 3/3
  2745 | D:3      | Reached skill level 5 in Axes
  3900 | D:4      | Reached XP level 5. HP: 47/47 MP: 4/4
  3900 | D:4      | Found an ornate altar of the Wu Jian Council.
  4192 | D:4      | Reached skill level 1 in Shields
  4364 | D:4      | Reached *** piety under Trog
  4724 | D:4      | Reached skill level 6 in Axes
  4793 | D:4      | Reached XP level 6. HP: 55/55 MP: 5/5
  4802 | D:4      | Reached **** piety under Trog
  5088 | D:4      | Found a hazy altar of Hepliaklqana.
  5090 | D:4      | Found a faded altar of an unknown god.
  5360 | D:5      | Entered Level 5 of the Dungeon
  5547 | D:5      | Noticed a water moccasin
  5564 | D:5      | Killed a water moccasin
  5565 | D:5      | Reached skill level 5 in Fighting
  5567 | D:5      | Reached XP level 7. HP: 17/61 MP: 3/6
  5573 | D:5      | Reached skill level 5 in Armour
  5788 | D:5      | Noticed Prince Ribbit
  5795 | D:5      | Reached skill level 7 in Axes
  5834 | D:5      | Slain by Prince Ribbit

Illustrated notes

Levels and vault maps discovered:
D:1:      lightli_arrival_farm, layout_basic, hellmonk_ecumenical_altar_blasted
D:2:      wad_pebble_path, layout_loops_corners
D:3:      layout_loops_ring
D:4:      minmay_goblin_kobold_castle, layout_loops_ring,
          mainiacjoe_overflow_24_doors, beargit_hepliaklqana_dungeon_heroes
D:5:      layout_rooms, uniq_ijyb, uniq_duvessa, uniq_prince_ribbit1,
          uniq_menkaure, uniq_edmund

Skill      XL: |  1  2  3  4  5  6  7 |
---------------+----------------------+-----
Fighting       | 4 5 |  5.4
Axes           | 4 5 6 7 |  7.0
Dodging        | 3 |  3.3
Shields        | 2 |  2.8
Armour         | 3 4 5 |  5.4
Stealth        | |  0.5

Action                   |  1- 3 |  4- 6 |  7- 9 || total
-------------------------+-------+-------+-------++-------
Melee: Hand axe          |    81 |   178 |    26 ||   285
       Headbutt          |     9 |    21 |     4 ||    34
Invok: Trog's Hand       |       |     3 |     1 ||     4
       Berserk           |       |     2 |     1 ||     3
       Brothers in Arms  |       |     1 |       ||     1
  Use: Scroll            |       |     1 |     1 ||     2
 Stab: Sleeping          |     1 |       |       ||     1
Armor: Animal skin       |    20 |     2 |       ||    22
       Leather armour    |       |    11 |       ||    11
       Scale mail        |       |    61 |     5 ||    66
Dodge: Dodged            |    33 |    88 |    14 ||   135
Block: Kite shield       |    13 |    62 |     9 ||    84
